 Dungeon Crawl Stone Soup version 0.28.0-47-ge53b351184 (webtiles) character file.

Game seed: 11243876895664382250

49 Mattiprrivan the Skirmisher (level 4, -3/37 HPs)
             Began as a Human Abyssal Knight on May 7, 2022.
             Was a Follower of Lugonu.
             Succumbed to a scorpion's poison
             ... on level 2 of the Dungeon.
             The game lasted 00:06:13 (2211 turns).

Mattiprrivan the Skirmisher (Human Abyssal Knight)  Turns: 2211, Time: 00:06:14

Health: -3/37      AC:  4    Str: 15    XL:     4   Next: 1%
Magic:  5/5        EV: 11    Int: 11    God:    Lugonu [*.....]
Gold:   39         SH:  0    Dex: 13    Spells: 3/3 levels left

rFire   . . .      SeeInvis +   a - +1 spear
rCold   . . .      Faith    .   (no shield)
rNeg    . . .      Spirit   .   b - +0 leather armour
rPois   .          Reflect  .   (no helmet)
rElec   .          Harm     .   (no cloak)
rCorr   .          Rampage  .   (no gloves)
Will    .....                   c - +0 pair of boots
Stlth   +.........              (no amulet)
HPRegen 0.12/turn               d - ring of see invisible
MPRegen 0.09/turn               (no ring)

@: lethally poisoned (-3 -> -24)
A: no striking features
a: Renounce Religion, Depart the Abyss


You were on level 2 of the Dungeon.
You worshipped Lugonu.
Lugonu was aware of your devotion.
You visited 1 branch of the dungeon, and saw 2 of its levels.
You visited the Abyss 1 time.

You collected 39 gold pieces.

Inventory:

Hand Weapons
 a - a +1 spear (weapon)
Armour
 b - a +0 leather armour (worn)
 c - a +0 pair of boots (worn)
Jewellery
 d - a ring of see invisible (left hand)


   Skills:
 * Level 3.7 Fighting
 * Level 2.4 Polearms
 * Level 2.4 Armour
 * Level 1.2 Dodging
 * Level 0.8 Stealth
 * Level 2.2 Invocations


You had 3 spell levels left.
You didn't know any spells.
Your spell library contained the following spells:

 Spells                   Type           Power      Damage    Failure   Level
 Dazzling Flash           Conj/Hex       0%         N/A       78%         3
 Agony                    Necr           0%         N/A       100%        5
 Silence                  Hex/Air        0%         N/A       100%        5


Dungeon Overview and Level Annotations

Branches:
Dungeon (2/15)

Altars:


Message History

Lugonu accepts your kill.
You have reached level 4!
You feel clever.
You see here a ball python corpse.
You see here a hobgoblin corpse.
Reach: a) +1 spear
Press: ? - help, Dir - move target, f - scorpion
Aim: a scorpion (about 37% to evade your +1 spear)
You reach to attack!
You closely miss the scorpion. You completely miss the scorpion.
The scorpion stings you.
You hit the scorpion but do no damage.
The scorpion stings you but does no damage.
You hit the scorpion.
The scorpion is lightly wounded.
The scorpion stings you.
You are poisoned.
The scorpion poisons you!
You closely miss the scorpion.
The scorpion is lightly wounded.
You feel very sick. The scorpion stings you.
You are more poisoned.
The scorpion poisons you! The scorpion stings you.
You hit the scorpion.
You punch the scorpion, but do no damage.
The scorpion is lightly wounded.
* * * LOW HITPOINT WARNING * * *
You feel very sick. The scorpion misses you.
You hit the scorpion.
The scorpion is heavily wounded.
* * * LOW HITPOINT WARNING * * *
You feel very sick. The scorpion stings you.
* * * LOW HITPOINT WARNING * * *
You are more poisoned.
The scorpion poisons you!
You hit the scorpion but do no damage.
The scorpion is heavily wounded.
You die...

#.#..##.# #.#
##.###
#.......# #.#
#.#
###..######.#
#.#
#.........#
#+#
#†#########
#†# # #.# .##
#.#...###
#@s......
#.....###
##.#.## .###
.. #.# .# .#


You could see a scorpion.

Vanquished Creatures
  2 adders (D:2)
  A dart slug (D:2)
  3 ball pythons
  3 endoplasms
  A giant cockroach (D:1)
  A goblin (D:1)
  6 hobgoblins
  A quokka (D:1)
  3 bats
  A frilled lizard (D:2)
  4 kobolds (D:2)
  2 rats (D:1)
28 creatures vanquished.

Notes
Turn   | Place    | Note
-------+----------+-------------------------------------------
     0 | Abyss:1  | Mattiprrivan the Human Abyssal Knight began the quest for
                  | the Orb.
     0 | Abyss:1  | Reached XP level 1. HP: 18/18 MP: 2/2
    31 | Abyss:2  | Noticed an obsidian statue
    32 | D:1      | Escaped the Abyss
   171 | D:1      | Found a faded altar of an unknown god.
   601 | D:1      | Reached XP level 2. HP: 24/24 MP: 3/3
   804 | D:1      | Reached * piety under Lugonu
   818 | D:1      | You fall into a shaft and drop 1 floor!
  1231 | D:2      | Reached XP level 3. HP: 18/29 MP: 4/4
  2164 | D:2      | Noticed a scorpion
  2176 | D:2      | Reached XP level 4. HP: 36/37 MP: 5/5
  2210 | D:2      | HP: 1/37 [scorpion (6)]
  2211 | D:2      | Succumbed to a scorpion's poison

Illustrated notes

Levels and vault maps discovered:
D:1:      nagdon_arrival_double_spiral, layout_basic,
          shapermc_ecumenical_altar_notcrosses
D:2:      layout_loops_corners

Action                   |  1- 3 |  4- 6 || total
-------------------------+-------+-------++-------
Melee: Spear             |    95 |     8 ||   103
       Punch             |       |     1 ||     1
Invok: Depart the Abyss  |     1 |       ||     1
  Use: Potion            |     3 |       ||     3
       Scroll            |     4 |       ||     4
 Stab: Sleeping          |     3 |       ||     3
Armor: Leather armour    |    22 |     1 ||    23
Dodge: Dodged            |    42 |     1 ||    43
